 Dungeon Crawl Stone Soup version 0.29-a0-824-gd827844252 (webtiles) character file.

Game seed: 1830901455590785193

7887 kevlar127 the Grappler (level 11, 0/115 HPs)
             Began as a Troll Berserker on July 10, 2022.
             Was a High Priest of Trog.
             Slain by a killer bee (3 damage)
             ... on level 10 of the Dungeon.
             The game lasted 00:25:15 (10374 turns).

kevlar127 the Grappler (Troll Berserker)           Turns: 10374, Time: 00:25:15

Health: 0/115      AC:  8    Str: 31    XL:     11   Next: 2%
Magic:  10/10      EV:  9    Int:  3    God:    Trog [*****.]
Gold:   721        SH:  0    Dex:  9    Spells: 10/10 levels left

rFire   . . .      SeeInvis .     - Unarmed
rCold   . . .      Faith    +   (no shield)
rNeg    + . .      Spirit   .   C - +0 troll leather armour
rPois   .          Reflect  .   y - +2 hat
rElec   .          Harm     .   (no cloak)
rCorr   .          Rampage  .   (gloves unavailable)
Will    +++..                   (boots unavailable)
Stlth   +.........              L - amulet of faith
HPRegen 2.89/turn               k - ring of positive energy
MPRegen 0.12/turn               v - ring of willpower

@: lethally poisoned (0 -> -4), strong-willed, regenerating
A: large, unfitting armour, claws 3, regeneration 1, shaggy fur 1, tough skin 1
a: Renounce Religion, Berserk, Trog's Hand, Brothers in Arms


You were on level 10 of the Dungeon.
You worshipped Trog.
Trog was extremely pleased with you.
You visited 1 branch of the dungeon, and saw 10 of its levels.

You collected 721 gold pieces.

Inventory:

Missiles
 g - 108 stones
 r - 37 poisoned darts
 s - 5 boomerangs (quivered)
 w - 2 curare-tipped darts
Armour
 y - a +2 hat (worn)
 C - a +0 troll leather armour (worn)
Jewellery
 k - a ring of positive energy (left claw)
 p - a +6 ring of intelligence
 v - a ring of willpower (right claw)
 K - a +6 ring of intelligence
 L - an amulet of faith (around neck)
 P - a +4 ring of protection
Wands
 B - a wand of mindburst (21)
 E - a wand of charming (27)
 G - a wand of iceblast (21)
Scrolls
 a - a scroll of amnesia {unknown}
 b - a scroll of silence {unknown}
 d - a scroll of fear {unknown}
 j - 9 scrolls of teleportation {unknown}
 l - a scroll of vulnerability {unknown}
 n - 3 scrolls of noise {unknown}
 o - 11 scrolls of identify {unknown}
 u - 7 scrolls of enchant armour {unknown}
 z - a scroll of brand weapon {unknown}
 A - 2 scrolls of magic mapping {unknown}
 D - a scroll of immolation {unknown}
 I - a scroll of poison {unknown}
 J - a scroll of blinking {unknown}
Potions
 c - a potion of ambrosia {unknown}
 e - 4 potions of curing
 f - a potion of magic {unknown}
 h - a potion of experience {unknown}
 i - 2 potions of attraction {unknown}
 m - 2 potions of brilliance {unknown}
 q - 2 potions of lignification {unknown}
 t - 2 potions of heal wounds {unknown}
 x - 3 potions of degeneration {unknown}
 F - a potion of mutation {unknown}
 H - a potion of haste {unknown}
 N - 3 potions of might {unknown}
 O - a potion of berserk rage {unknown}
 Q - a potion of resistance {unknown}
 R - a potion of flight {unknown}
Miscellaneous
 M - a piece from Xom's chessboard (15/15)


   Skills:
 + Level 9.1 Fighting
 - Level 6.2 Throwing
 - Level 3.0 Armour
 - Level 2.4 Dodging
 + Level 10.7 Unarmed Combat
 + Level 2.9 Evocations


You had 10 spell levels left.
You didn't know any spells.
Your spell library was empty.

Dungeon Overview and Level Annotations

Branches:
Dungeon (10/15)            Temple (0/1) D:4            Lair (0/6) D:10
    Orc: D:9-12

Altars:
Hepliaklqana
Kikubaaqudgha
Makhleb
Nemelex Xobeh
Qazlal
Sif Muna
Trog
Uskayaw
Xom
Zin


Innate Abilities, Weirdness & Mutations

You are too large for most types of armour.
You have claws for hands.
Your natural rate of healing is unusually fast.
You are covered in fur. (AC +1)
You have tough skin. (AC +1)


Message History

The killer bee stings you but does no damage.
The killer bee stings you!
You are more poisoned.
The killer bee poisons you!
The killer bee attacks as you move away!
The killer bee barely misses you.
The killer bee attacks as you move away!
The killer bee stings you.
You are more poisoned.
The killer bee poisons you!
You feel extremely sick.
The killer bee stings you but does no damage.
You claw the killer bee!
The killer bee is severely wounded.
You feel very sick.
The killer bee stings you but does no damage.
The killer bee stings you.
* * * LOW HITPOINT WARNING * * *
The killer bee stings you but does no damage.
The killer bee barely misses you.
You miss the killer bee.
You feel very sick.
The killer bee stings you but does no damage.
The killer bee stings you.
* * * LOW HITPOINT WARNING * * *
You are more poisoned.
The killer bee poisons you! The killer bee stings you!
* * * LOW HITPOINT WARNING * * *
You are lethally poisoned!
The killer bee poisons you!
The killer bee stings you but does no damage.
The killer bee attacks as you move away!
The killer bee stings you but does no damage.
* * * LOW HITPOINT WARNING * * *
You feel extremely sick.
Found a shiny fluorescent wand.
* * * LOW HITPOINT WARNING * * *
You feel extremely sick. The killer bee stings you.
You die...

### ..... ..#.....#..##.
####...#....#.. .
......#.>.......##.
##/...#...............
#.....#.......#.......
##...#...# .....)##...
#....#..@# #..........
#......y.###.#........
...##.y##.†.#...#....
##....{.....)........ ...
##.....y....))......!
....###...............##...
.....................).#
.......................#
.........................


You could see 2 killer bees.

Vanquished Creatures
  A two-headed ogre (D:8)
  A troll (D:7)
  3 hornets
  A wyvern (D:10)
  5 yaks
  A steam dragon (D:7)
  Grum (D:10)
  2 vampire mosquitoes (D:9)
  Menkaure (D:4)
  2 water moccasins
  5 orc warriors
  2 black bears (D:10)
  An ice beast (D:7)
  4 ogres
  3 wolves (D:10)
  3 centaurs
  2 phantoms
  5 kobold brigands
  2 bullfrogs
  3 necrophages
  5 scorpions
  7 wights
  7 killer bees
  8 howler monkeys
  6 jellies
  8 orc priests
  4 hounds
  A gnoll bouda (D:7)
  7 iguanas
  8 orc wizards
  Robin (D:4)
  8 adders
  A shadow imp (D:6)
  3 white imps
  2 ufetubi (D:5)
  3 worms
  A dart slug (D:1)
  37 orcs
  9 endoplasms
  7 giant cockroaches
  18 goblins
  10 hobgoblins
  4 quokkas
  8 ball pythons
  9 bats
  3 frilled lizards
  29 kobolds
  8 rats
270 creatures vanquished.

Vanquished Creatures (others)
  An endoplasm (D:3)
1 creature vanquished.

Grand Total: 271 creatures vanquished

Notes
Turn   | Place    | Note
-------+----------+-------------------------------------------
     0 | D:1      | kevlar127 the Troll Berserker began the quest for the Orb.
     0 | D:1      | Reached XP level 1. HP: 22/22 MP: 0/0
    85 | D:1      | Reached XP level 2. HP: 27/29 MP: 1/1
   244 | D:1      | Reached XP level 3. HP: 25/37 MP: 2/2
   244 | D:1      | Reached ** piety under Trog
   492 | D:1      | Found a faded altar of an unknown god.
   661 | D:2      | Reached skill level 4 in Unarmed Combat
   691 | D:2      | Reached XP level 4. HP: 41/45 MP: 3/3
  1471 | D:3      | Reached *** piety under Trog
  1724 | D:3      | Found a stormy altar of Qazlal.
  1884 | D:3      | Reached XP level 5. HP: 53/54 MP: 4/4
  2683 | D:3      | Found a glowing silver altar of Zin.
  2937 | D:4      | Noticed Menkaure
  2945 | D:4      | Killed Menkaure
  2946 | D:4      | Reached skill level 5 in Unarmed Combat
  2946 | D:4      | Reached XP level 6. HP: 39/63 MP: 5/5
  3092 | D:4      | Found a staircase to the Ecumenical Temple.
  3098 | D:4      | Noticed Robin
  3129 | D:4      | Killed Robin
  3139 | D:4      | Reached **** piety under Trog
  3874 | D:5      | Entered Level 5 of the Dungeon
  3964 | D:5      | Reached skill level 5 in Fighting
  3964 | D:5      | Reached skill level 1 in Throwing
  3964 | D:5      | Reached skill level 6 in Unarmed Combat
  3964 | D:5      | Reached XP level 7. HP: 46/72 MP: 6/6
  4361 | D:5      | Found a hide-covered altar of Uskayaw.
  4846 | D:6      | Reached XP level 8. HP: 63/83 MP: 7/7
  4989 | D:6      | Reached skill level 7 in Unarmed Combat
  6606 | D:7      | Noticed a hornet
  6612 | D:7      | Killed a hornet
  6613 | D:7      | Reached skill level 8 in Unarmed Combat
  6613 | D:7      | Reached XP level 9. HP: 59/92 MP: 8/8
  6624 | D:7      | Reached skill level 5 in Throwing
  6897 | D:7      | Noticed a troll
  6900 | D:7      | Killed a troll
  7267 | D:7      | Reached skill level 9 in Unarmed Combat
  7554 | D:7      | Reached skill level 1 in Armour
  7667 | D:7      | Found a sparkling altar of Nemelex Xobeh.
  7667 | D:7      | Found an ancient bone altar of Kikubaaqudgha.
  7668 | D:7      | Found a burning altar of Makhleb.
  7860 | D:8      | Reached XP level 10. HP: 97/99 MP: 9/9
  7881 | D:8      | Found a hazy altar of Hepliaklqana.
  7968 | D:8      | Noticed a two-headed ogre
  7975 | D:8      | Killed a two-headed ogre
  8821 | D:8      | Found a shimmering blue altar of Sif Muna.
  9183 | D:8      | Reached skill level 10 in Unarmed Combat
  9259 | D:9      | Reached skill level 1 in Evocations
  9310 | D:9      | Reached ***** piety under Trog
  9327 | D:9      | Found a bloodstained altar of Trog.
  9669 | D:9      | Found a shimmering altar of Xom.
  9862 | D:10     | Entered Level 10 of the Dungeon
 10026 | D:10     | Noticed Grum
 10033 | D:10     | Killed Grum
 10252 | D:10     | Found a staircase to the Lair.
 10336 | D:10     | Reached XP level 11. HP: 115/115 MP: 10/10
 10374 | D:10     | HP: 3/115 [poisoned by a killer bee]
 10374 | D:10     | Slain by a killer bee

Illustrated notes

Levels and vault maps discovered:
D:1:      ncdulo_wetmaze, layout_rooms, hellmonk_ecumenical_altar_leap_of_faith,
          minmay_split_cup_large
D:2:      layout_loops_ring, chequers_serial_rivers_small_b
D:3:      layout_basic, zin_treasury, grunt_qazlal_clouds,
          hangedman_decor_points, hangedman_decor_slide_cut, dk_vineyard_2,
          st_stairs_9
D:4:      layout_gridville, minmay_temple_entry_arrows, grunt_decor_fettered,
          uniq_menkaure, uniq_robin
D:5:      layout_loops_ring, kennysheep_mini, kennysheep_generic_room_16
D:6:      wad_crossroads, layout_basic
D:7:      minmay_the_grid_octo_tiled_squarecenter
          [minmay_the_grid_octo_clover_2, minmay_the_grid_octo_checkerflower,
          minmay_the_grid_octo_chip, minmay_the_grid_octo_toaster,
          minmay_the_grid_square_5x5_megaprize_hollow,
          minmay_the_grid_square_5x5_percent,
          minmay_the_grid_square_5x5_inner_v,
          minmay_the_grid_square_5x5_bracketed,
          minmay_the_grid_square_5x5_intrusive_squares], layout_loops_ring,
          gammafunk_temple_overflow_claw
D:8:      hellmonk_crumbling_castle, layout_layer_cave,
          nicolae_sif_muna_condensation, nicolae_hepliaklqana_hazy_memory,
          eino_tiny_chamber, minmay_between
D:9:      layout_roguey, mainiacjoe_overflow_catwalk,
          mainiacjoe_overflow_surrounded_room, minmay_holes
D:10:     layout_cave_pools, david_lair_generic, david_orc_3, serial_shops,
          nicolae_shop_advertising_works [nicolae_subvault_shop_adworks],
          uniq_grum

Skill      XL: |  1  2  3  4  5  6  7  8  9 10 |
---------------+-------------------------------+-----
Fighting       | 3 4 5 6 7 9 |  9.1
Unarmed Combat | 4 5 6 8 9 10 | 10.7
Throwing       | 1 2 4 6 |  6.2
Armour         | 1 3 |  3.0
Evocations     | 2 |  2.9
Dodging        | |  2.4

Action                   |  1- 3 |  4- 6 |  7- 9 | 10-12 || total
-------------------------+-------+-------+-------+-------++-------
Melee: Unarmed           |   123 |   158 |   249 |   147 ||   677
       Punch             |     4 |     3 |    19 |     8 ||    34
Throw: Boomerang         |       |       |       |   119 ||   119
Invok: Trog's Hand       |       |     1 |     2 |     2 ||     5
       Berserk           |       |       |     1 |     1 ||     2
  Use: Potion            |       |       |       |     1 ||     1
 Stab: Sleeping          |     1 |       |       |       ||     1
Armor: Animal skin       |    46 |    69 |    54 |       ||   169
       Troll leather arm |       |       |    18 |    87 ||   105
Dodge: Dodged            |    74 |    74 |   113 |   104 ||   365

Table legend: (Time is in decaauts)
 A = Elapsed time spent in this place.
 B = Non-inter-level travel time spent in this place.
 C = Inter-level travel time spent in this place.
 D = Time resting spent in this place.
 E = Time spent auto-exploring this place.
 F = Levels seen in this place.
 G = Mean time per level.
                   A        B        C        D        E       F      G
               +--------+--------+--------+--------+--------+-----+--------+
         Total |  10318 |   9999 |    319 |   2217 |   6294 |  10 | 1031.8 |
       Dungeon |  10318 |   9999 |    319 |   2217 |   6294 |  10 | 1031.8 |
               +--------+--------+--------+--------+--------+-----+--------+

Top non-repeatable levels by time:
     D:7: 1564 daAuts
     D:6: 1513 daAuts
     D:3: 1483 daAuts
     D:8: 1439 daAuts
     D:4: 993 daAuts
     D:2: 805 daAuts
     D:5: 788 daAuts
     D:9: 702 daAuts
     D:1: 575 daAuts
    D:10: 451 daAuts
